 Dungeon Crawl Stone Soup version 0.22-a0-147-gfdd7f25 (webtiles) character file.

49 tsouns the Archer (level 3, -13/31 HPs)
             Began as a Gnoll Hunter on Feb 6, 2018.
             Mangled by an orc warrior
             ... wielding a +0 mace
              (19 damage)
             ... on level 2 of the Dungeon.
             The game lasted 00:01:58 (930 turns).

tsouns the Archer (Gnoll Hunter)                     Turns: 930, Time: 00:01:59

Health: -13/31     AC:  4    Str: 14    XL:     3   Next: 77%
Magic:  3/4        EV: 14    Int: 14    God:
Gold:   84         SH:  0    Dex: 15    Spells: 3/3 levels left

rFire    . . .     SeeInvis .   a - +1 shortbow
rCold    . . .     Gourm    .   (shield currently unavailable)
rNeg     . . .     Faith    .   c - +0 leather armour
rPois    .         Spirit   .   k - +0 helmet
rElec    .         Reflect  .   (no cloak)
rCorr    .         Harm     .   (no gloves)
MR       .....                  (no boots)
Stlth    ++........             (no amulet)
HPRegen  0.10/turn              (no ring)
MPRegen  0.09/turn              (no ring)

@: no status effects
A: distributed training, fangs 1, strong nose
a: no special abilities


You were on level 2 of the Dungeon.
You were not hungry.

You visited 1 branch of the dungeon, and saw 3 of its levels.

You collected 84 gold pieces.

Inventory:

Hand Weapons
 a - a +1 shortbow (weapon)
 b - a +0 short sword
 i - a +0 spear
 n - a +0 hunting sling
Missiles
 d - an arrow (quivered)
 e - 43 stones
 m - 18 sling bullets
 p - 22 bolts
Armour
 c - a +0 leather armour (worn)
 k - a +0 helmet (worn)
Scrolls
 g - 3 scrolls of teleportation {unknown}
 j - a scroll of remove curse {unknown}
 o - a scroll of enchant weapon {unknown}
 q - a scroll of identify {unknown}
Potions
 h - a potion of brilliance {unknown}
 l - a potion of curing {unknown}
Comestibles
 f - 4 rations


   Skills:
 + Level 4.5 Fighting
 + Level 0.9 Short Blades
 + Level 0.9 Long Blades
 + Level 0.9 Axes
 + Level 0.9 Maces & Flails
 + Level 0.9 Polearms
 + Level 0.9 Staves
 + Level 0.9 Slings
 + Level 8.5 Bows
 + Level 0.9 Crossbows
 + Level 0.9 Throwing
 + Level 0.9 Armour
 + Level 4.5 Dodging
 + Level 2.4 Stealth
 + Level 0.9 Shields
 + Level 0.9 Unarmed Combat
 + Level 0.9 Spellcasting
 + Level 0.6 Conjurations
 + Level 0.6 Hexes
 + Level 0.6 Charms
 + Level 0.6 Summonings
 + Level 0.6 Necromancy
 + Level 0.6 Translocations
 + Level 0.6 Transmutations
 + Level 0.6 Fire Magic
 + Level 0.6 Ice Magic
 + Level 0.6 Air Magic
 + Level 0.6 Earth Magic
 + Level 0.6 Poison Magic
 + Level 1.0 Invocations
 + Level 0.9 Evocations


You had 3 spell levels left.
You didn't know any spells.

Dungeon Overview and Level Annotations

Branches:
Dungeon (3/15)

Altars:


Innate Abilities, Weirdness & Mutations

Your experience applies equally to all skills.
You have very sharp teeth.
Your uncanny sense of smell can sniff out nearby items.


Message History

You shoot an arrow.
The arrow barely misses the orc warrior.
The orc wizard shouts!
The orc warrior hits you but does no damage.
Firing (i - inventory. (/) - cycle)
d - 3 arrows (quivered)
Press: ? - help, Shift-Dir - straight line, f/p - orc warrior
Aim: an orc warrior, wielding a mace and wearing a plate armour (severely wounded)
You shoot an arrow. The arrow hits the orc warrior.
The orc warrior is severely wounded.
The orc wizard gestures wildly while chanting.
The orc wizard blinks!
Unknown command.
Firing (i - inventory. (/) - cycle)
d - 2 arrows (quivered)
Press: ? - help, Shift-Dir - straight line, f/p - orc warrior
Aim: an orc warrior, wielding a mace and wearing a plate armour (severely wounded)
You shoot an arrow.
The arrow barely misses the orc warrior.
The orc warrior hits you with a mace!!
Ouch! That really hurt!
You die...

#.# #.#.# #.#
#.# #.#.# #.#
#.# #.#.# #.#
#.# #.#.# #.#
.# #.#.# #.#
#.###.#.#####.#
#.............#
####...#######
###@# #o# #{#
#h# #h#


hoo...oh# .......h# ######### You could see an orc warrior, an orc wizard and 4
jackals.

Vanquished Creatures
  An orc priest (D:2)
  2 dart slugs
  3 bats
  2 giant cockroaches (D:1)
  2 goblins
  2 hobgoblins
  A ball python (D:1)
  2 kobolds (D:1)
  2 rats (D:2)
17 creatures vanquished.

Notes
Turn   | Place    | Note
-------+----------+-------------------------------------------
     0 | D:1      | tsouns the Gnoll Hunter began the quest for the Orb.
     0 | D:1      | Reached XP level 1. HP: 20/20 MP: 1/1
   127 | D:1      | Reached XP level 2. HP: 26/26 MP: 2/2
   823 | D:2      | You fall through a shaft!
   910 | D:2      | Noticed an orc warrior
   918 | D:2      | Reached skill level 1 in Invocations
   918 | D:2      | Reached XP level 3. HP: 31/31 MP: 2/4
   930 | D:2      | Mangled by an orc warrior

Vault maps used:
D:1:      dpeg_arrival_castle
D:2:      uniq_jessica, uniq_terence
D:3:      wad_crossroads, first_ration, kennysheep_generic_room_16, uniq_natasha

Skill      XL: |  1  2 |
---------------+-------+-----
Invocations    | 1 |  1.0
Fighting       | |  4.5
Short Blades   | |  0.9
Long Blades    | |  0.9
Axes           | |  0.9
Maces & Flails | |  0.9
Polearms       | |  0.9
Staves         | |  0.9
Slings         | |  0.9
Bows           | |  8.5
Crossbows      | |  0.9
Throwing       | |  0.9
Armour         | |  0.9
Dodging        | |  4.5
Stealth        | |  2.4
Shields        | |  0.9
Unarmed Combat | |  0.9
Spellcasting   | |  0.9
Conjurations   | |  0.6
Hexes          | |  0.6
Charms         | |  0.6
Summonings     | |  0.6
Necromancy     | |  0.6
Translocations | |  0.6
Transmutations | |  0.6
Fire Magic     | |  0.6
Ice Magic      | |  0.6
Air Magic      | |  0.6
Earth Magic    | |  0.6
Poison Magic   | |  0.6
Evocations     | |  0.9

Action                   || total
-------------------------++-------
 Fire: Shortbow          ||    55
Armor: Leather armour    ||     4
Dodge: Dodged            ||     9

Table legend:
 A = Spawn XP
 B = Non-spawn XP
 C = Spawn XP percentage of total XP
 D = Spawn monster count
 E = Non-spawn monster count
 F = Spawn count percentage of total count
 G = Total turns spent on level
                    A         B        C        D         E        F      G
               +---------+---------+-------+---------+---------+-------+---------
         Total |       0 |      71 |   0.0 |       0 |      17 |   0.0 |   930
               +---------+---------+-------+---------+---------+-------+---------
           D:1 |       0 |      17 |   0.0 |       0 |       9 |   0.0 |   716
           D:2 |       0 |      54 |   0.0 |       0 |       8 |   0.0 |   191
               +---------+---------+-------+---------+---------+-------+---------
